 Dungeon Crawl Stone Soup version 0.20.1-1-g8b1a95d (webtiles) character file.

150 OneorTwo the Twirler (level 5, 0/41 HPs)
             Began as a Demonspawn Gladiator on July 28, 2017.
             Was an Initiate of Okawaru.
             Slain by a quokka (2 damage)
             ... on level 4 of the Dungeon.
             The game lasted 00:15:01 (3471 turns).

OneorTwo the Twirler (Demonspawn Gladiator)         Turns: 3471, Time: 00:15:02

Health: 0/41       AC: 11    Str: 15    XL:     5   Next: 10%
Magic:  5/5        EV:  7    Int:  9    God:    Okawaru [......]
Gold:   128        SH:  0    Dex: 15    Spells: 4/4 levels left

rFire    . . .     SeeInvis .   a - +0 quarterstaff
rCold    + . .     Gourm    +   (shield currently unavailable)
rNeg     + . .     Faith    .   t - +0 chain mail
rPois    +         Spirit   .   (helmet restricted)
rElec    +         Reflect  .   (no cloak)
rCorr    .         Harm     .   (no gloves)
MR       .....                  h - +0 pair of boots
Stlth    ..........             o - amulet of the gourmand
Regen    0.2/turn               e - ring of stealth
MPRegen  0.1/turn               c - ring of positive energy

@: no status effects
A: antennae 1, icy blue scales 1, cold resistance 1, poison resistance,
electricity resistance
a: Renounce Religion


You were on level 4 of the Dungeon.
You worshipped Okawaru.
Okawaru was noncommittal.
You were completely stuffed.

You visited 1 branch of the dungeon, and saw 4 of its levels.

You collected 128 gold pieces.

Inventory:

Hand Weapons
 a - a +0 quarterstaff (weapon)
Missiles
 d - 3 throwing nets (quivered)
 p - 7 needles of sleeping
 s - 3 stones
Armour
 h - a +0 pair of boots (worn)
 j - a +0 ring mail
 t - a +0 chain mail (worn)
 u - a +0 shield
Magical Staves
 w - an uncursed staff of summoning
Jewellery
 c - a ring of positive energy (right hand)
 e - a ring of stealth (left hand)
 o - an amulet of the gourmand (around neck)
Scrolls
 b - a scroll of immolation {unknown}
 k - a scroll of remove curse
 m - a scroll of teleportation
 y - a scroll of fear
Potions
 g - a potion of berserk rage {unknown}
 n - a potion of cancellation {unknown}
 q - 2 potions of agility {unknown}
 v - a potion of lignification {unknown}
Comestibles
 f - 4 bread rations
 i - 4 meat rations
 l - 3 royal jellies
 r - 2 fruits
 x - 3 chunks of flesh


   Skills:
 + Level 3.0 Fighting
 + Level 4.8 Staves
 - Level 1.7 Throwing
 - Level 2.6 Dodging


You had 4 spell levels left.
You didn't know any spells.

Dungeon Overview and Level Annotations

Branches:
Dungeon (4/15)
 Temple: D:4-7

Altars:
Cheibriados
Okawaru


Innate Abilities, Weirdness & Mutations

You have a pair of small antennae on your head.
You are partially covered in icy blue scales. (AC +2)
Your flesh is cold resistant. (rC+)
Your system is resistant to poisons. (rPois)
You are resistant to electric shocks. (rElec)


Message History

The phantom is almost destroyed.
The phantom hits you.
* * * LOW HITPOINT WARNING * * *
The quokka bites you but does no damage.
Your chain mail prevents you from hitting the phantom.
The phantom is almost destroyed.
The phantom closely misses you.
The quokka bites you but does no damage.
You closely miss the phantom.
The phantom is almost destroyed.
The quokka bites you but does no damage.
The phantom hits you!
* * * LOW HITPOINT WARNING * * *
The phantom blinks!
The quokka bites you.
* * * LOW HITPOINT WARNING * * *
Okay, then.
Okay, then.
Okay, then.
You barely miss the quokka. The quokka bites you.
You die...

....###.####..##.#
............#..##.#
..#..........>.##.#
............#.##.#
#.#...#..#...#.##..
.....#...W..#.....
.#.#.##.#....###
#.#........ยง...##.#
..........r@......#
#.#....#.###...####
#..#.........#
.................
..........)..#####
........>###.#
##........ .#
##....### .#


You could see a phantom and a quokka.

Vanquished Creatures
  A hound (D:4)
  4 adders
  2 oozes
  An adder skeleton (D:4)
  3 worms
  2 dart slugs (D:1)
  A leopard gecko (D:3)
  4 bats
  5 giant cockroaches
  6 goblins
  6 hobgoblins
  A jackal (D:3)
  2 quokkas
  4 ball pythons
  6 frilled lizards
  5 kobolds
  9 rats
62 creatures vanquished.

Notes
Turn   | Place    | Note
-------+----------+-------------------------------------------
     0 | D:1      | OneorTwo the Demonspawn Gladiator began the quest for the Orb.
     0 | D:1      | Reached XP level 1. HP: 16/16 MP: 1/1
   202 | D:1      | Found an iron altar of Okawaru.
   223 | D:1      | Reached skill level 3 in Staves
   239 | D:1      | Became a worshipper of Warmaster Okawaru
   273 | D:1      | Gained mutation: You have a pair of small antennae on your head. [demonic ancestry]
   273 | D:1      | Reached XP level 2. HP: 16/22 MP: 2/2
   373 | D:1      | Gained mutation: Your flesh is cold resistant. (rC+) [potion of mutation]
   373 | D:1      | Gained mutation: You are resistant to electric shocks. (rElec) [potion of mutation]
   373 | D:1      | Gained mutation: Your system is resistant to poisons. (rPois) [potion of mutation]
  1061 | D:2      | Gained mutation: You are partially covered in icy blue scales. (AC +2) [demonic ancestry]
  1061 | D:2      | Reached XP level 3. HP: 13/28 MP: 3/3
  1848 | D:2      | Reached skill level 4 in Staves
  2322 | D:3      | Found a snail-covered altar of Cheibriados.
  2389 | D:3      | Reached XP level 4. HP: 34/34 MP: 4/4
  3416 | D:4      | Noticed a phantom
  3425 | D:4      | Reached XP level 5. HP: 22/41 MP: 5/5
  3470 | D:4      | HP: 2/41 [quokka (4)]
  3471 | D:4      | Slain by a quokka

Skill      XL: |  1  2  3  4 |
---------------+-------------+-----
Staves         | 3 4 |  4.8
Fighting       | 3 |  3.0
Throwing       | |  1.7
Dodging        | |  2.6

Action                   |  1- 3 |  4- 6 || total
-------------------------+-------+-------++-------
Melee: Quarterstaff      |   112 |   109 ||   221
  Use: Potion            |     4 |       ||     4
       Scroll            |     4 |       ||     4
 Stab: Sleeping          |     2 |     2 ||     4
  Eat: Chunk             |     8 |     9 ||    17
Armor: Leather armour    |    10 |       ||    10
       Ring mail         |    26 |     5 ||    31
       Chain mail        |       |    48 ||    48
Dodge: Dodged            |    67 |    48 ||   115
